 Dungeon Crawl Stone Soup version 0.19.0-19-g8c6edcc (webtiles) character file.

274234 dobroeutro the Executioner (level 19, -28/180 HPs)
             Began as a Minotaur Berserker on Nov 13, 2016.
             Was the Champion of Trog.
             Killed from afar by a deep elf annihilator (60 damage)
             ... with an iron shot
             ... on level 3 of the Elven Halls.
             The game lasted 01:09:34 (32502 turns).

dobroeutro the Executioner (Minotaur Berserker)    Turns: 32502, Time: 01:09:35

Health: -28/180    AC: 29    Str: 26      XL:     19   Next: 52%
Magic:  18/18      EV: 21    Int:  4 (6)  God:    Trog [******]
Gold:   2271       SH:  4    Dex: 14 (15) Spells: 0 memorised, 18 levels left

rFire  + + .     SeeInvis .     r - +9 executioner's axe (vamp)
rCold  + + .     Gourm    .     x - +0 fire dragon scales of the Fiddle {rPois rF++ rC- MR+++ Str-2 Int+4}
rNeg   + + .     Faith    .     (shield currently unavailable)
rPois  +         Spirit   .     (helmet restricted)
rElec  .         Reflect  +     B - +0 cloak {MR+}
rCorr  .         Harm     .     H - +1 pair of gloves {Dex+3}
MR     +++++     Clarity  +     C - +2 pair of boots {run}
Stlth  ..........               f - +4 amulet of reflection
                                h - ring of protection from cold
                                p - ring "Umadurph" {*Drain rPois rC+ rN++ Int-4}

@: about to teleport, regenerating, quick
A: retaliatory headbutt, claws 1, horns 2, iridescent scales 2, thin metallic
scales 1, blurry vision 1, clarity, cold resistance 1, deterioration 2, strong
1, MP-powered wands
a: Berserk, Trog's Hand, Brothers in Arms, Burn Spellbooks, Renounce Religion
}: 2/15 runes: decaying, gossamer


You were on level 3 of the Elven Halls.
You worshipped Trog.
Trog was exalted by your worship.
You were very hungry.

You visited 6 branches of the dungeon, and saw 34 of its levels.
You also visited: Labyrinth, Ossuary, Ice Cave and Desolation.

You collected 3660 gold pieces.
You spent 1389 gold pieces at shops.

Inventory:

Hand Weapons
 r - a +9 vampiric executioner's axe (weapon)
 Z - a +6 executioner's axe of venom
Armour
 x - the +0 fire dragon scales of the Fiddle (worn) {rPois rF++ rC- MR+++ Str-2 Int+4}
   (You found it in an ice cave)

   It affects your strength (-2).
   It affects your intelligence (+4).
   It greatly protects you from fire.
   It makes you vulnerable to cold.
   It protects you from poison.
   It affects your resistance to hostile enchantments.
 B - a +0 cloak of magic resistance (worn)
 C - a +2 pair of boots of running (worn)
 F - the +15 plate armour of the Vestibule of Hell {-Tele rCorr Stlth+}
   (You bought it in a shop on level 2 of the Orcish Mines)

   It prevents most forms of teleportation.
   It protects you from acid and corrosion.
   It makes you more stealthy.
 H - a +1 pair of gloves of dexterity (worn)
Jewellery
 f - a +4 amulet of reflection (around neck)
 g - the ring of Robustness {AC+8}
   (You found it on level 9 of the Dungeon)

   [ring of protection]

   It affects your AC (+8).
 h - a ring of protection from cold (right hand)
 p - the ring "Umadurph" (left hand) {*Drain rPois rC+ rN++ Int-4}
   (You found it on level 4 of the Lair of Beasts)

   [ring of protection from cold]

   It affects your intelligence (-4).
   It protects you from cold.
   It protects you from poison.
   It greatly protects you from negative energy.
   It causes draining when unequipped.
 y - the ring "Ityt" {Fire MP+9}
   (You found it on level 5 of the Dungeon)

   [ring of fire]

   It enhances your fire magic.
   It protects you from fire.
   It makes you vulnerable to cold.
   It affects your magic capacity (+9).
 N - the ring "Yras" {rPois MR+ SInv}
   (You found it on level 6 of the Lair of Beasts)

   [ring of poison resistance]

   It protects you from poison.
   It affects your resistance to hostile enchantments.
   It lets you see invisible.
 O - an uncursed ring of protection from fire
Wands
 n - a wand of confusion (36/48)
 q - a wand of random effects (15/48)
 s - a wand of lightning (9/15)
 D - a wand of teleportation (0/9)
 L - a wand of disintegration (17/24)
 Q - a wand of slowing (24/48)
 V - a wand of digging (17/24)
Scrolls
 a - a scroll of enchant weapon
 e - 15 scrolls of remove curse
 j - 11 scrolls of enchant armour
 o - 5 scrolls of teleportation
 u - 8 scrolls of immolation
 K - 4 scrolls of blinking
 M - 14 scrolls of identify
 P - a scroll of magic mapping
 R - a scroll of fear
 X - 8 scrolls of fog
Potions
 i - 8 potions of brilliance
 k - 3 potions of agility
 l - 4 potions of heal wounds
 m - 15 potions of curing
 w - 6 potions of berserk rage
 z - 5 potions of might
 A - 3 potions of cancellation
 E - 2 potions of haste
 G - 2 potions of cure mutation
 J - 7 potions of flight
 W - 4 potions of ambrosia
 Y - 3 potions of invisibility
Comestibles
 b - 2 slices of pizza
 c - 18 bread rations
 d - 9 meat rations
 t - 13 royal jellies
 I - a beef jerky


   Skills:
 + Level 18.4 Fighting
 * Level 25.0 Axes
 + Level 18.1 Armour
 + Level 16.9 Dodging


You had 18 spell levels left.
You didn't know any spells.

Dungeon Overview and Level Annotations

Branches:
Dungeon (15/15)            Temple (0/1) D:6            Lair (6/6) D:11
  Swamp (4/4) Lair:2       Spider (4/4) Lair:3        Slime (0/5) Lair:6
    Orc (2/2) D:9             Elf (3/3) Orc:2        Vaults (0/5) D:13
 Depths (0/5) D:15

Altars:
Ashenzari
Cheibriados
Dithmenos
Elyvilon
Gozag
Kikubaaqudgha
Makhleb
Trog
Vehumet
Xom
Zin
The Shining One
Jiyva

Shops:
D:4 %   D:7 %   D:11 %   D:14 [   D:15 *   Orc:2 %!![:*

Portals:
Trove: D:15 (give 2 scrolls of acquirement)

Annotations:
Lair:6 1 runed door
Elf:2 5 runed doors


Innate Abilities, Weirdness & Mutations

You reflexively headbutt those who attack you in melee.
You have a pair of horns on your head.
You have sharp fingernails.
You are mostly covered in iridescent scales. (AC +4)
You are partially covered in thin metallic scales. (AC +2)
Scrolls take you a little longer to read.
You possess an exceptional clarity of mind.
Your flesh is cold resistant. (rC+)
Your body often deteriorates upon taking damage.
Your muscles are strong. (Str +2)
You expend magic power (3 MP) to strengthen your wands.


Message History

The bolt of lightning hits the earth elemental.
The earth elemental completely resists.
The deep elf sorcerer gestures wildly while chanting.
The deep elf high priest mumbles some strange prayers to its god against you.
Something smites you!
* * * LOW HITPOINT WARNING * * *
The ynoxinul gestures.
You block the earth elemental's attack.
The tormentor calls on the powers of darkness!
The deep elf high priest convulses!
The deep elf demonologist convulses!
The deep elf sorcerer convulses!
The deep elf annihilator convulses!
The deep elf elementalist convulses!
The deep elf annihilator convulses!
Your body is wracked with pain!
* * * LOW HITPOINT WARNING * * *
Unknown command.
You feel much better.
The deep elf elementalist casts a spell.
The deep elf annihilator gestures at you while chanting.
The iron shot hits you!
You die... ...e.*.e.2... #...
E.......... #... e.5555.e. #... .5e355. #...
E3e3. #... eee

#... #e# #### #e# #### #@#
#... #E# #... #E# #### #E#
######.).##### ###
##.....).#'##'# #.#
#......(##)##.# #.#
#####.....()##.##.######.####
#...'....(())..)..(..........


You could see 2 deep elf annihilators, a deep elf sorcerer, a deep elf
elementalist, a deep elf demonologist, a deep elf high priest, a ghostly deep
elf high priest, 3 earth elementals, a sixfirhy, 2 ynoxinuls and 7 ufetubi.

Vanquished Creatures
  An Ice Fiend (IceCv)
  2 deep elf blademasters (Elf:3)
  A deep elf master archer (Elf:3)
  Kirke (Lair:4)
  A thorn hunter (Swamp:4)
  Donald (Orc:2)
  5 ghost moths
  A deep elf sorcerer (Elf:3)
  An imperial myrmidon (Desolation)
  2 angels (Elf:1)
  2 deep elf elementalists (Elf:3)
  Louise (Spider:2)
  3 emperor scorpions
  A very ugly thing (Swamp:4)
  8 deep elf demonologists
  5 entropy weavers
  A stone giant (Orc:1)
  5 deep elf annihilators (Elf:3)
  A spark wasp (Spider:4)
  7 deep elf death magi
  A minotaur (Lab)
  A deep elf high priest (Elf:1)
  A crystal guardian (Desolation)
  4 ragged hierophants (Desolation)
  Josephine (Lair:4)
  20 hydras
  The ghost of Frank the Basher, a journeyman GrGl of the Shining One (D:12)
  4 servants of whispers (Desolation)
  Fannar (Lair:1)
  A rakshasa (D:14)
  4 peacekeepers (Desolation)
  6 centaur warriors
  Erica (Lair:1)
  4 ghost crabs
  15 dancing weapons
  A death yak (D:8)
  An ogre mage (D:15)
  9 alligators
  A queen ant (Spider:3)
  Urug (D:13)
  18 deep elf knights
  4 unseen horrors
  A fire crab (Lair:5)
  3 spriggan druids
  13 swamp dragons
  3 ironbrand convokers (Desolation)
  18 deep elf archers
  6 hill giants
  A large abomination (Elf:3)
  3 lindwurms (Swamp:4)
  A shambling mangrove (Swamp:3)
  2 orc knights (Orc:2)
  25 wolf spiders
  3 orc sorcerers (Orc:2)
  11 ugly things
  14 orb spiders
  2 cyclopes
  43 deep elf magi
  5 guardian serpents
  4 manticores
  A moth of wrath (Spider:4)
  4 elephants (Lair:3)
  3 black mambas
  3 torpor snails
  20 spiny frogs
  4 gargoyles
  6 komodo dragons
  A yaktaur (shapeshifter) (D:15)
  11 demonic crawlers
  4 anaconda simulacra (IceCv)
  9 polar bears
  A harpy zombie (D:15)
  3 freezing wraiths (IceCv)
  44 jumping spiders
  A jumping spider (shapeshifter) (D:12)
  2 golden dragon simulacra (IceCv)
  6 ice devils (IceCv)
  6 trolls
  10 hornets
  3 tyrant leeches
  13 blink frogs
  A wolf spider simulacrum (IceCv)
  35 saltlings (Desolation)
  6 bog bodies
  13 slime creatures
  3 two-headed ogres
  11 hippogriffs
  5 raiju (Lair:6)
  A dream sheep (Lair:2)
  4 wraiths
  Sigmund (D:2)
  A dire elephant simulacrum (IceCv)
  3 spriggans (Swamp:3)
  3 air elementals
  6 shadows
  25 tarantellas
  3 wyverns
  A vampire (D:12)
  5 water elementals
  5 basilisks
  A fire elemental (Elf:2)
  65 redbacks
  45 yaks
  5 hungry ghosts
  A steam dragon (D:12)
  7 hogs (Lair:4)
  17 vampire mosquitoes
  16 humans (D:13)
  A hog (shapeshifter) (D:14)
  The ghost of no0bjke the Conjurer, an amateur DrCj (D:5)
  A harpy simulacrum (IceCv)
  An iron troll simulacrum (IceCv)
  19 swamp worms
  17 insubstantial wisps
  3 mottled dragons
  14 water moccasins
  9 wargs
  2 soldier ants (Spider:3)
  Duvessa (D:7)
  4 hydra simulacra (IceCv)
  15 porcupines
  3 hell hounds (Lair:6)
  15 swamp drakes
  15 black bears
  A necrophage (D:13)
  An eye of draining (D:14)
  8 sky beasts
  35 orc warriors
  An alligator simulacrum (IceCv)
  2 ettin simulacra (IceCv)
  3 ice beasts
  3 phantoms
  21 ogres
  22 wolves
  13 centaurs
  14 crocodiles
  3 big kobolds
  A gnoll sergeant (Orc:2)
  16 bullfrogs
  3 elf zombies (Ossuary)
  4 earth elementals
  A water moccasin zombie (D:10)
  Dowan (D:7)
  2 wyvern zombies
  5 scorpions
  An elephant simulacrum (IceCv)
  12 killer bees
  11 wights
  2 howler monkeys
  6 electric eels
  5 centaur zombies
  8 crimson imps
  24 hounds
  4 bullfrog zombies
  2 bullfrog skeletons
  2 human zombies (Ossuary)
  8 orc priests
  5 jellies
  18 orc wizards
  5 centaur skeletons
  2 gnoll shamans
  4 iguanas
  A polar bear simulacrum (IceCv)
  12 worker ants
  4 troll simulacra (IceCv)
  A wolf simulacrum (IceCv)
  A killer bee zombie (D:9)
  A hound zombie (D:8)
  2 mummies (Ossuary)
  3 hound skeletons
  Robin (D:3)
  26 gnolls
  2 naga simulacra (IceCv)
  3 river rats (D:11)
  9 adders
  3 ogre simulacra (IceCv)
  3 shadow imps
  7 white imps (IceCv)
  4 ufetubi (IceCv)
  An ooze (D:2)
  2 adder zombies (Ossuary)
  4 adder skeletons
  5 worms
  A dart slug (D:2)
  5 leopard geckos
  62 orcs
  9 bats
  4 giant cockroaches
  14 goblins
  7 hobgoblins
  14 jackals
  5 quokkas
  7 frilled lizards
  A goblin zombie (Ossuary)
  10 hobgoblin zombies (Ossuary)
  15 kobolds
  8 kobold zombies (Ossuary)
  7 orc zombies (Ossuary)
  2 rats
  2 rat zombies (Ossuary)
  A crawling corpse (Elf:3)
  4 fungi
  5 plants
1430 creatures vanquished.

Vanquished Creatures (collateral kills)
  An orc warlord (Orc:1)
  An orc wizard (Orc:1)
2 creatures vanquished.

Vanquished Creatures (others)
  Nessos (Lair:4)
  A deep elf demonologist (Elf:3)
  A deep elf knight (Elf:3)
  An orb spider (Spider:3)
  A deep elf mage (Elf:2)
  A jumping spider (Spider:4)
  4 dream sheep (Lair:2)
  An insubstantial wisp (Swamp:2)
  An orc warrior (Orc:2)
  A centaur (Orc:2)
  A white imp (IceCv)
  A goblin (D:3)
  A crawling corpse (Elf:3)
  10 plants
26 creatures vanquished.

Grand Total: 1458 creatures vanquished

Notes
Turn   | Place    | Note
-------+----------+-------------------------------------------
     0 | D:1      | dobroeutro the Minotaur Berserker began the quest for the Orb.
     0 | D:1      | Reached XP level 1. HP: 19/19 MP: 0/0
    67 | D:1      | Reached skill level 4 in Axes
   292 | D:1      | Reached XP level 2. HP: 18/26 MP: 1/1
   604 | D:2      | Reached skill level 5 in Axes
   604 | D:2      | Reached XP level 3. HP: 19/31 MP: 2/2
  1223 | D:2      | Noticed Sigmund
  1466 | D:3      | Reached skill level 6 in Axes
  1466 | D:3      | Reached XP level 4. HP: 39/39 MP: 3/3
  1531 | D:3      | Reached ** piety under Trog
  1680 | D:3      | Reached XP level 5. HP: 16/45 MP: 1/4
  1970 | D:3      | Reached skill level 7 in Axes
  2003 | D:3      | Noticed Robin
  2014 | D:3      | Killed Robin
  2022 | D:3      | Reached skill level 8 in Axes
  2042 | D:3      | Reached *** piety under Trog
  2042 | D:3      | Reached XP level 6. HP: 11/51 MP: 1/5
  2765 | D:2      | Killed Sigmund
  2765 | D:2      | Reached skill level 9 in Axes
  2880 | D:2      | Found a shimmering altar of Xom.
  2885 | D:2      | Found a burning altar of Makhleb.
  2888 | D:2      | Found a bloodstained altar of Trog.
  2889 | D:2      | Found a glowing golden altar of the Shining One.
  2889 | D:2      | Found an opulent altar of Gozag.
  2890 | D:2      | Found a snail-covered altar of Cheibriados.
  2892 | D:2      | Found a shattered altar of Ashenzari.
  3118 | D:4      | Reached XP level 7. HP: 43/58 MP: 2/6
  3119 | D:4      | Found a shadowy altar of Dithmenos.
  3174 | D:4      | Found Fewk's Food Shop.
  3444 | D:5      | Entered Level 5 of the Dungeon
  3536 | D:5      | Noticed no0bjke's ghost (amateur DrCj)
  3545 | D:5      | Killed no0bjke's ghost
  3545 | D:5      | Reached skill level 10 in Axes
  3553 | D:5      | Got a flickering steel ring
  3562 | D:5      | Identified the ring "Ityt" {Fire MP+9} (You found it on level 5 of the Dungeon)
  3663 | D:5      | Reached **** piety under Trog
  3663 | D:5      | Reached XP level 8. HP: 33/67 MP: 5/7
  4217 | D:6      | Reached skill level 5 in Fighting
  4259 | D:6      | Found a staircase to the Ecumenical Temple.
  4569 | D:6      | Reached skill level 11 in Axes
  4832 | D:7      | Noticed Duvessa
  4832 | D:7      | Noticed Dowan
  4837 | D:7      | Killed Duvessa
  4839 | D:7      | Found an ancient bone altar of Kikubaaqudgha.
  4842 | D:7      | Killed Dowan
  4918 | D:7      | Reached skill level 5 in Armour
  5126 | D:7      | Reached XP level 9. HP: 71/75 MP: 8/8
  5165 | D:7      | Reached skill level 5 in Dodging
  5300 | D:7      | Found Zuhe's Food Emporium.
  5328 | D:7      | Gained mutation: You have a pair of large horns on your head. [mutagenic meat]
  5329 | D:7      | Gained mutation: You have large cloven feet. [mutagenic meat]
  5330 | D:7      | Gained mutation: Your spells are a little easier to cast, but a little less powerful. [mutagenic meat]
  5331 | D:7      | Gained mutation: You are frail. (-10% HP) [mutagenic meat]
  5681 | D:8      | Reached skill level 12 in Axes
  5695 | D:8      | Reached ***** piety under Trog
  5816 | D:8      | Found a sand-covered staircase.
  5821 | Ossuary  | Entered an ossuary
  6282 | D:8      | Noticed a death yak
  6293 | D:8      | Killed a death yak
  6293 | D:8      | Reached XP level 10. HP: 79/79 MP: 9/9
  6293 | D:8      | Reached skill level 13 in Axes
  6578 | D:9      | Received a gift from Trog
  6825 | D:9      | Reached skill level 14 in Axes
  6934 | D:9      | Killed an unseen horror
  6993 | D:9      | Reached XP level 11. HP: 40/85 MP: 6/10
  7086 | D:9      | Found a staircase to the Orcish Mines.
  7257 | D:10     | Entered Level 10 of the Dungeon
  7606 | D:10     | Noticed a hill giant
  7613 | D:10     | Killed a hill giant
  7622 | D:10     | Received a gift from Trog
  7772 | D:10     | Gained mutation: Armour fits poorly on your strangely shaped body. [mutagenic meat]
  7773 | D:10     | Gained mutation: Your mind is acute. (Int +2) [mutagenic meat]
  7774 | D:10     | Gained mutation: Your body sometimes deteriorates upon taking damage. [mutagenic meat]
  7775 | D:10     | Gained mutation: You possess an exceptional clarity of mind. [mutagenic meat]
  8244 | D:11     | Reached ****** piety under Trog
  8244 | D:11     | Reached skill level 10 in Fighting
  8245 | D:11     | Reached skill level 15 in Axes
  8289 | D:11     | Received a gift from Trog
  8289 | D:11     | Reached skill level 10 in Armour
  8344 | D:11     | Found a staircase to the Lair.
  8489 | D:11     | Reached XP level 12. HP: 96/96 MP: 3/11
  8620 | D:11     | Found Urchef's Food Shoppe.
  9053 | D:12     | Gained mutation: You are partially covered in iridescent scales. (AC +2) [mutagenic meat]
  9054 | D:12     | Gained mutation: You are mostly covered in iridescent scales. (AC +4) [mutagenic meat]
  9055 | D:12     | Gained mutation: Your muscles are strong. (Str +2) [mutagenic meat]
  9056 | D:12     | Lost mutation: You are frail. (-10% HP) [mutagenic meat]
  9091 | D:12     | Found a labyrinth entrance.
  9096 | Lab      | Entered a labyrinth
  9300 | Lab      | Noticed a minotaur
  9309 | Lab      | Killed a minotaur
  9309 | Lab      | Reached skill level 16 in Axes
  9969 | D:12     | Reached skill level 10 in Dodging
 10001 | D:12     | Lost mutation: You have large cloven feet. [mutagenic meat]
 10055 | D:12     | Received a gift from Trog
 10164 | D:12     | Noticed a centaur warrior
 10182 | D:12     | Killed a centaur warrior
 10377 | D:12     | Noticed Frank's ghost (journeyman GrGl)
 10395 | D:12     | Killed Frank's ghost
 10395 | D:12     | Reached skill level 17 in Axes
 10446 | D:12     | Noticed a five-headed hydra
 10453 | D:12     | Killed a ten-headed hydra
 10453 | D:12     | Reached XP level 13. HP: 117/117 MP: 4/12
 10466 | D:12     | Gained mutation: You are partially covered in thin metallic scales. (AC +2) [mutagenic meat]
 10808 | D:13     | Found a gate to the Vaults.
 10808 | D:13     | Noticed Urug
 10822 | D:13     | Killed Urug
 11432 | D:13     | Received a gift from Trog
 11576 | Orc:1    | Entered Level 1 of the Orcish Mines
 11737 | Orc:2    | Entered Level 2 of the Orcish Mines
 11737 | Orc:2    | Found Oras's Food Emporium.
 11737 | Orc:2    | Noticed Donald
 11785 | Lair:1   | Entered Level 1 of the Lair of Beasts
 11802 | Lair:1   | Reached skill level 18 in Axes
 12045 | Lair:1   | Noticed Fannar
 12062 | Lair:1   | Killed Fannar
 12221 | Lair:1   | Noticed Erica
 12235 | Lair:1   | Killed Erica
 12555 | Lair:2   | Found a staircase to the Swamp.
 12724 | Lair:2   | Found a shimmering altar of Xom.
 13442 | Lair:3   | Reached XP level 14. HP: 127/127 MP: 13/13
 13520 | Lair:3   | Found a hole to the Spider Nest.
 13614 | Lair:3   | Received a gift from Trog
 14057 | Lair:4   | Noticed Josephine
 14066 | Lair:4   | Killed Josephine
 14097 | Lair:4   | Noticed Kirke
 14102 | Lair:4   | Noticed Nessos
 14110 | Lair:4   | Killed Kirke
 14112 | Lair:4   | Killed Nessos
 14157 | Lair:4   | Reached skill level 19 in Axes
 14185 | Lair:4   | Gained mutation: Your system is resistant to poisons. (rPois) [potion of beneficial mutation]
 14210 | Lair:4   | Lost mutation: Your system is resistant to poisons. (rPois) [potion of mutation]
 14210 | Lair:4   | Gained mutation: You have an increased reservoir of magic. (+10% MP) [potion of mutation]
 14335 | Lair:3   | Got a bloodstained hand axe
 14336 | Lair:3   | Identified the +4 hand axe of the Beast {chop, Int+5 Dex+2} (You found it on level 3 of the Lair of Beasts)
 14973 | Lair:4   | Got a brightly glowing lapis lazuli ring
 14975 | Lair:4   | Identified the ring "Umadurph" {*Drain rPois rC+ rN++ Int-4} (You found it on level 4 of the Lair of Beasts)
 15588 | Lair:5   | Received a gift from Trog
 15636 | Lair:5   | Found a radiant altar of Vehumet.
 15942 | Lair:6   | Entered Level 6 of the Lair of Beasts
 16329 | Lair:6   | Found a runed door.
 16331 | Lair:6   | Found a viscous altar of Jiyva.
 16331 | Lair:6   | Noticed an acid blob
 16331 | Lair:6   | Noticed an acid blob
 16332 | Lair:6   | Found a staircase to the Slime Pits.
 16332 | Lair:6   | Noticed an acid blob
 16632 | Lair:6   | Got a polished leather armour
 16656 | Lair:6   | Identified the +1 leather armour of Noon {Regen+} (You found it on level 6 of the Lair of Beasts)
 16755 | Lair:6   | Got a twitching golden ring
 16778 | Lair:6   | Received a gift from Trog
 17107 | D:14     | Reached XP level 15. HP: 108/138 MP: 0/15
 17139 | D:14     | Found Kaepomad's Antique Armour Shop.
 17148 | D:14     | Bought a transparent scale mail for 270 gold pieces
 17158 | D:14     | Identified the +2 scale mail "Fabonoyh" {rElec rCorr Dex-5 Slay+5} (You bought it in a shop on level 14 of the Dungeon)
 17226 | D:14     | Lost mutation: Armour fits poorly on your strangely shaped body. [mutagenic meat]
 17460 | D:14     | Got a heavily runed plate armour
 17471 | D:14     | Identified the +4 plate armour of Negation {rElec rPois Dex+2} (You found it on level 14 of the Dungeon)
 17819 | D:15     | Entered Level 15 of the Dungeon
 17910 | D:15     | Found a portal to a secret trove of treasure.
 17990 | D:15     | Found Arry's Assorted Antiques.
 18113 | D:15     | Gained mutation: You expend magic power (3 MP) to strengthen your wands. [potion of mutation]
 18113 | D:15     | Lost mutation: You have a pair of large horns on your head. [potion of mutation]
 18114 | D:15     | Lost mutation: Your spells are a little easier to cast, but a little less powerful. [potion of mutation]
 18114 | D:15     | Gained mutation: Scrolls take you a little longer to read. [potion of mutation]
 18114 | D:15     | Gained mutation: Your flesh is cold resistant. (rC+) [potion of mutation]
 18155 | D:15     | Lost intelligence.
 18386 | D:15     | Identified the ring "Yras" {rPois MR+ SInv} (You found it on level 6 of the Lair of Beasts)
 18422 | D:15     | Found a staircase to the Depths.
 18507 | D:15     | Reached skill level 20 in Axes
 18583 | D:15     | Lost mutation: You have an increased reservoir of magic. (+10% MP) [mutagenic meat]
 18587 | D:15     | Gained mutation: You have sharp fingernails. [mutagenic meat]
 18753 | D:15     | Received a gift from Trog
 18890 | Orc:2    | Noticed an orc warlord
 18894 | Orc:2    | Killed Donald
 18915 | Orc:1    | Killed an orc warlord
 19439 | Orc:2    | Found Hutaagej's Distillery.
 20054 | Orc:2    | Received a gift from Trog
 20117 | Orc:2    | Found a staircase to the Elven Halls.
 20226 | Orc:2    | Found Simel's Antique Armour Emporium.
 20226 | Orc:2    | Found Lusmiun's Book Shop.
 20228 | Orc:2    | Found Massam's Assorted Antiques.
 20230 | Orc:2    | Found Garipruku's Distillery.
 20234 | Orc:2    | Bought a glowing cloak for 252 gold pieces
 20436 | Orc:2    | Bought a fine plate armour for 672 gold pieces
 20446 | Orc:2    | Identified the +15 plate armour of the Vestibule of Hell {-Tele rCorr Stlth+} (You bought it in a shop on level 2 of the Orcish Mines)
 20463 | Orc:2    | Bought a potion of heal wounds for 70 gold pieces
 20618 | D:15     | Bought a potion of heal wounds for 125 gold pieces
 20752 | Spider:1 | Entered Level 1 of the Spider Nest
 20926 | Spider:1 | Reached skill level 15 in Fighting
 21005 | Spider:1 | Received a gift from Trog
 21445 | Spider:2 | Reached XP level 16. HP: 149/149 MP: 15/15
 21566 | Spider:2 | Reached skill level 21 in Axes
 21951 | Spider:2 | Noticed Louise
 21958 | Spider:2 | Killed Louise
 22205 | Spider:3 | Reached skill level 15 in Armour
 22256 | Spider:3 | Found a frozen archway.
 22293 | IceCv    | Entered an ice cave
 22468 | IceCv    | Received a gift from Trog
 22536 | IceCv    | Noticed an Ice Fiend
 22581 | IceCv    | Killed an Ice Fiend
 22919 | IceCv    | Identified the Grimoire of Ghastly Snow
 23001 | IceCv    | Got crude fire dragon scales
 23012 | IceCv    | Identified the +0 fire dragon scales of the Fiddle {rPois rF++ rC- MR+++ Str-2 Int+4} (You found it in an ice cave)
 24222 | Spider:3 | Lost mutation: Your mind is acute. (Int +2) [mutagenic meat]
 24227 | Spider:3 | Gained mutation: Your body often deteriorates upon taking damage. [mutagenic meat]
 24240 | Spider:4 | Entered Level 4 of the Spider Nest
 24635 | Spider:4 | Received a gift from Trog
 24668 | Spider:4 | Reached skill level 22 in Axes
 24832 | Spider:4 | Reached XP level 17. HP: 157/158 MP: 0/16
 24900 | Spider:4 | HP: 1/159 [disintegration (23)]
 24960 | Spider:4 | Got a gossamer rune of Zot
 25371 | Swamp:1  | Entered Level 1 of the Swamp
 25745 | Swamp:1  | Reached skill level 15 in Dodging
 25781 | Swamp:1  | Received a gift from Trog
 26997 | Swamp:3  | Received a gift from Trog
 27205 | Swamp:3  | Reached skill level 23 in Axes
 27513 | Swamp:4  | Entered Level 4 of the Swamp
 27676 | Swamp:4  | Got a decaying rune of Zot
 28042 | Swamp:4  | Reached XP level 18. HP: 139/169 MP: 17/17
 28508 | Elf:1    | Entered Level 1 of the Elven Halls
 28515 | Elf:1    | Received a gift from Trog
 28691 | Elf:1    | Found a white marble altar of Elyvilon.
 28693 | Elf:1    | Found a ruined gateway.
 28693 | Elf:1    | Found a glowing golden altar of the Shining One.
 28703 | Elf:1    | Found a glowing silver altar of Zin.
 28777 | Desolati | Entered the Desolation of Salt
 28949 | Desolati | Received a gift from Trog
 29640 | Elf:1    | Reached skill level 24 in Axes
 29688 | Elf:1    | Received a gift from Trog
 30024 | Elf:1    | Identified a +2 pair of boots of running (You found it on level 1 of the Elven Halls)
 30596 | Elf:2    | Found a huge runed gate.
 30598 | Elf:2    | Found a huge runed gate.
 30598 | Elf:2    | Found a huge runed gate.
 30599 | Elf:2    | Found a huge runed gate.
 30599 | Elf:2    | Found a huge runed gate.
 31155 | Elf:2    | Received a gift from Trog
 31309 | Elf:3    | Entered Level 3 of the Elven Halls
 31405 | Elf:3    | Reached XP level 19. HP: 171/179 MP: 18/18
 31720 | Elf:3    | Noticed a Brimstone Fiend
 31923 | Elf:3    | Got a twisted lajatang
 31929 | Elf:3    | Identified the +5 lajatang of Spite {slice, Stlth+} (You found it on level 3 of the Elven Halls)
 32262 | Elf:3    | Received a gift from Trog
 32275 | Elf:3    | Noticed a Brimstone Fiend
 32475 | Elf:3    | Reached skill level 25 in Axes
 32502 | Elf:3    | Killed from afar by a deep elf annihilator

Skill      XL: |  1  2  3  4  5  6  7  8  9 10 11 12 13 14 15 16 17 18 19 |
---------------+----------------------------------------------------------+-----
Axes           | 4 5 6 8 9 10 11 12 14 15 17 18 19 20 22 23 24 25 | 25.0
Fighting       | 4 6 7 8 10 11 12 14 15 16 17 18 | 18.4
Armour         | 3 5 7 8 10 11 12 13 14 15 16 17 18 | 18.1
Dodging        | 3 4 6 7 9 10 11 12 13 14 15 16 | 16.9

Action                   |  1- 3 |  4- 6 |  7- 9 | 10-12 | 13-15 | 16-18 | 19-21 || total
-------------------------+-------+-------+-------+-------+-------+-------+-------++-------
Melee: Hand axe          |    65 |   140 |    87 |       |    25 |       |       ||   317
       Headbutt          |    14 |    26 |    75 |   112 |   197 |   267 |    44 ||   735
       War axe           |       |       |   244 |    53 |       |       |       ||   297
       Battleaxe         |       |       |       |   452 |   255 |       |       ||   707
       Executioner's axe |       |       |       |       |   617 |  1239 |   192 ||  2048
Invok: Berserk           |     2 |     3 |     4 |     8 |     8 |     3 |       ||    28
       Burn Spellbooks   |       |     1 |     2 |     1 |     4 |     7 |       ||    15
       Trog's Hand       |       |       |       |     1 |     1 |     2 |     2 ||     6
       Brothers in Arms  |       |       |       |       |     4 |       |       ||     4
Evoke: Wand              |       |       |       |       |       |     1 |     2 ||     3
  Use: Potion            |       |     1 |       |       |     5 |     5 |     2 ||    13
       Scroll            |       |       |    11 |    12 |    15 |     5 |     3 ||    46
 Stab: Distracted        |       |       |       |     1 |       |     1 |       ||     2
       Confused          |       |       |       |       |       |     1 |       ||     1
  Eat: Chunk             |     2 |     9 |    13 |    36 |    41 |    14 |     4 ||   119
       Meat ration       |       |       |     1 |     1 |     1 |     3 |       ||     6
       Pizza             |       |       |       |       |     2 |     2 |       ||     4
       Beef jerky        |       |       |       |       |     1 |     4 |       ||     5
       Bread ration      |       |       |       |       |     1 |       |       ||     1
       Royal jelly       |       |       |       |       |     1 |       |       ||     1
       Fruit             |       |       |       |       |       |     6 |     1 ||     7
Armor: Animal skin       |     3 |    19 |       |       |       |       |       ||    22
       Ring mail         |       |     2 |    96 |   208 |       |       |       ||   306
       Robe              |       |       |     7 |       |       |       |       ||     7
       Leather armour    |       |       |       |    24 |    69 |       |       ||    93
       Mottled dragon sc |       |       |       |    17 |   235 |       |       ||   252
       Skin              |       |       |       |       |     2 |       |       ||     2
       Plate armour      |       |       |       |       |   308 |   108 |       ||   416
       Scale mail        |       |       |       |       |    14 |       |       ||    14
       Fire dragon scale |       |       |       |       |       |   762 |    57 ||   819
Dodge: Dodged            |    38 |    72 |   128 |   294 |   907 |  1346 |   108 ||  2893
Block: Other             |     8 |    37 |    39 |    67 |   229 |   277 |    24 ||   681
       Reflection        |     1 |     4 |     1 |     3 |    18 |     6 |     7 ||    40
